 Dungeon Sprint DCSS version 0.31.0-12-g77e489cdc1 (webtiles) character file.

Game seed: 5247820124425424449

3900000 Kallu the Intangible (level 25, -8/214 HPs)
             Began as a Djinni Warper on Feb 14, 2024.
             Was the Champion of Makhleb.
             Mangled by a meat berserker
             ... wielding a +9 battleaxe
              (52 damage)
             ... in the Dungeon (Sprint VIII: "Arena of Blood").
             The game lasted 00:02:15 (39 turns).

Kallu the Intangible (Djinni Warper)                  Turns: 39, Time: 00:02:16

Health: -8/214     AC:  6    Str: 10    XL:     25   Next: 77%
Gold:   0          EV: 25    Int: 26    God:    Makhleb [******] SH:  0 Dex: 14

rFire   + + .        h - +∞ Axe of Woe
rCold   x . .        (shield currently unavailable)
rNeg    . . .        a - +0 leather armour
rPois   ∞            (no helmet)
rElec   .            (no cloak)
rCorr   .            (no gloves)
SInv    .            (boots unavailable)
Will    ++...        (no amulet)
Stlth   +++++++      (no ring)
HPRegen 0.55/turn    (no ring)
MPRegen 0.00/turn

%: no teleportation, infuse magic (-9 HP)
@: flying
A: sickness immunity, fire resistance 2, cold vulnerability 1, float, innate
caster, HP casting, extra vitality 1
a: Renounce Religion, Minor Destruction, Lesser Servant of Makhleb, Major
Destruction, Greater Servant of Makhleb


You were in the Dungeon.
You worshipped Makhleb.
Makhleb was exalted by your worship.
You visited 1 branch

Inventory:

Hand Weapons
 h - the +∞ Axe of Woe (weapon)
   (You found it in the Dungeon)
Missiles
 c - 7 darts of dispersal (quivered)
Armour
 a - a +0 leather armour (worn)
Scrolls
 b - 2 scrolls of blinking
Potions
 d - a potion of curing
 e - a potion of heal wounds
 f - a potion of haste
 g - a potion of berserk rage


   Skills:
 O Level 27 Fighting
 + Level 18.3(21.2) Short Blades
 + Level 18.3(21.2) Long Blades
 O Level 27 Axes
 + Level 16.9(25.6) Maces & Flails
 + Level 16.9(25.6) Polearms
 + Level 18.3(23.7) Staves
 + Level 16.9 Ranged Weapons
 O Level 27 Throwing
 O Level 27 Armour
 O Level 27 Dodging
 + Level 18.3 Stealth
 + Level 19.8 Shields
 O Level 27 Unarmed Combat
 O Level 27 Spellcasting
 O Level 27 Conjurations
 O Level 27 Hexes
 O Level 27 Summonings
 O Level 27 Necromancy
 O Level 27 Translocations
 O Level 27 Fire Magic
 O Level 27 Ice Magic
 O Level 27 Air Magic
 O Level 27 Earth Magic
 O Level 27 Alchemy
 + Level 19.8 Invocations
 + Level 19.8 Evocations
 + Level 16.9 Shapeshifting


You knew the following spells:

 Your Spells              Type           Power      Damage    Failure   Level
a - Blink                 Tloc           100%       N/A       0%          2
b - Lesser Beckoning      Tloc           100%       N/A       0%          2
c - Teleport Other        Tloc           100%       N/A       0%          3
d - Manifold Assault      Tloc           100%       N/A       0%          4
e - Vhi's Electric Charg  Tloc/Air       100%       N/A       0%          4
f - Kiss of Death         Conj/Necr      100%       2d13      0%          1
g - Ensorcelled Hibernat  Hex/Ice        100%       N/A       0%          2
h - Volatile Blastmotes   Fire/Tloc      100%       2d18      0%          3
i - Summon Ice Beast      Ice/Summ       100%       N/A       0%          3
j - Alistair's Intoxicat  Alch           72%        N/A       0%          5
k - Summon Forest         Summ/Tloc      54%        N/A       0%          5
l - Sculpt Simulacrum     Ice/Alch       54%        N/A       0%          6
m - Dispersal             Tloc           54%        N/A       0%          6
n - Haunt                 Necr/Summ      54%        N/A       0%          7
o - Enfeeble              Hex            54%        N/A       0%          7
p - Ozocubu's Refrigerat  Ice            54%        4d19      0%          7
q - Infestation           Necr           54%        N/A       1%          8
Your spell library was empty.

Dungeon Overview and Level Annotations

Branches:
Dungeon (1/1)

Altars:
Makhleb


Innate Abilities, Weirdness & Mutations

You are immune to sickness and miasma.
You are immune to poison.
Your flesh is very heat resistant. (rF++)
You are vulnerable to cold. (rC-)
You float through the air rather than walking.
You learn spells naturally, not from books.
Your magical power is your life essence.
You have superior vitality. (+4 MHP)


Message History

The large bag of meat explodes!
The fiery explosion engulfs the meat berserker!!
The fiery explosion engulfs the meat berserker!
The fiery explosion engulfs you. You resist.
You are engulfed in blazing flames.
You resist.
The meat berserker is engulfed in blazing flames.
The destroyer gestures at you while chanting.
The destroyer blinks!
The meat berserker is engulfed in blazing flames.
Your base Short Blades skill increases to level 18!
Your base Long Blades skill increases to level 18!
Your base Staves skill increases to level 18!
Your Stealth skill increases to level 18!
Unknown command.
Unknown command.
Unknown command.
Unknown command.
A meat berserker comes into view. It is wielding a +9 battleaxe.
The sculptor of flesh appears out of thin air!
A sculptor of flesh comes into view. It is wielding a +9 great sword.
The meat berserker is engulfed in blazing flames. x2
The meat berserker shouts!
The bag of meat hits you with a +9 war axe!!
The eight-headed meat hydra is engulfed in blazing flames.
The eight-headed meat hydra calls on the powers of darkness!
The eight-headed meat hydra convulses!
The meat berserker convulses!
The bag of meat convulses!
The meat berserker convulses!
The bag of meat convulses!
The eight-headed meat hydra convulses!
The large bag of meat convulses!
Flame seeps out of the large bag of meat.
The meat berserker convulses!
The bag of meat convulses! x2
Your body is wracked with pain!
* * * LOW HITPOINT WARNING * * *
The destroyer points at you and mumbles some strange words.
The destroyer blinks!
The large bag of meat is engulfed in blazing flames.
The bag of meat is engulfed in blazing flames.
The meat berserker is engulfed in blazing flames.
The meat berserker hits you with a +9 battleaxe!!!
You die...

##############
.....=.......####
................####
.).##.##@#####......###
.§o...o§OoOV.......D...
....##O##o).D..)......
..o..)oo§.°o§.)o..o....
.....oO#.#o.)))zo#)..§V
......Vo)oO°...####...o
o....)...o)§)DO...... .
..)......°o§☼o○......
.........))○o§§......


You could see 2 eight-headed meat hydras, 2 destroyers, a sculptor of flesh
(wandering), a large bag of meat (inner flame), 4 meat berserkers and 11 bags of
meat.

Vanquished Creatures
  6 vampire knights (D)
  16 ogres (D)
  5 two-headed ogres (D)
  45 orcs (D)
72 creatures vanquished.

Notes
Turn   | Place    | Note
-------+----------+-------------------------------------------
     0 | D        | Found the +∞ Axe of Woe
     0 | D        | Kallu the Djinni Warper began the quest for the Orb.
     0 | D        | Kallu set off with the following spells memorised: Blink,
                  | Lesser Beckoning, Teleport Other, Manifold Assault, Vhi's
                  | Electric Charge.
     0 | D        | Reached XP level 1. HP: 18/18 MP: 0/0
     4 | D        | Became a worshipper of Makhleb the Destroyer
     5 | D        | Noticed a bag of meat
     5 | D        | Noticed a bag of meat
     6 | D        | Noticed a bag of meat
     6 | D        | Noticed a meat berserker
     7 | D        | Noticed a bag of meat
     9 | D        | Killed a meat berserker
     9 | D        | Noticed a meat berserker
    10 | D        | Reached skill level 5 in Armour
    10 | D        | Reached XP level 2. HP: 45/45 MP: 0/0
    10 | D        | Reached XP level 3. HP: 50/50 MP: 0/0
    10 | D        | Learned a level 1 spell: Kiss of Death
    10 | D        | Reached XP level 4. HP: 57/57 MP: 0/0
    10 | D        | Reached XP level 5. HP: 62/62 MP: 0/0
    10 | D        | Learned a level 2 spell: Ensorcelled Hibernation
    10 | D        | Reached XP level 6. HP: 69/69 MP: 0/0
    10 | D        | Reached XP level 7. HP: 75/75 MP: 0/0
    10 | D        | Learned a level 3 spell: Volatile Blastmotes
    10 | D        | Reached XP level 8. HP: 81/81 MP: 0/0
    10 | D        | Reached XP level 9. HP: 86/86 MP: 0/0
    10 | D        | Learned a level 3 spell: Summon Ice Beast
    10 | D        | Reached XP level 10. HP: 93/93 MP: 0/0
    10 | D        | Reached XP level 11. HP: 99/99 MP: 0/0
    10 | D        | Learned a level 5 spell: Alistair's Intoxication
    10 | D        | Reached XP level 12. HP: 105/105 MP: 0/0
    11 | D        | Killed a bag of meat
    11 | D        | Reached * piety under Makhleb
    11 | D        | Noticed a bag of meat
    12 | D        | Reached skill level 5 in Axes
    12 | D        | Reached skill level 5 in Throwing
    12 | D        | Reached XP level 13. HP: 113/113 MP: 0/0
    12 | D        | Learned a level 5 spell: Summon Forest
    12 | D        | Noticed a bag of meat
    12 | D        | Noticed a bag of meat
    12 | D        | Noticed a bag of meat
    12 | D        | Noticed a bag of meat
    12 | D        | Noticed a meat berserker
    12 | D        | Noticed a meat berserker
    12 | D        | Noticed a bag of meat
    12 | D        | Noticed a bag of meat
    12 | D        | Noticed a bag of meat
    13 | D        | Noticed a meat berserker
    13 | D        | Noticed a bag of meat
    13 | D        | Noticed a bag of meat
    13 | D        | Noticed a bag of meat
    13 | D        | Noticed a bag of meat
    14 | D        | Noticed a bag of meat
    14 | D        | Noticed a bag of meat
    14 | D        | Noticed a bag of meat
    14 | D        | Noticed a bag of meat
    15 | D        | Killed a meat berserker
    15 | D        | Killed a bag of meat
    15 | D        | Noticed a meat berserker
    16 | D        | Reached XP level 14. HP: 42/126 MP: 0/0
    16 | D        | Noticed a meat berserker
    16 | D        | Killed a meat berserker
    16 | D        | Reached ** piety under Makhleb
    16 | D        | Killed a bag of meat
    16 | D        | Killed a bag of meat
    16 | D        | Noticed a large bag of meat
    16 | D        | Noticed a bag of meat
    16 | D        | Noticed a bag of meat
    16 | D        | Noticed a bag of meat
    16 | D        | Noticed a bag of meat
    16 | D        | Noticed a bag of meat
    16 | D        | Noticed a bag of meat
    17 | D        | Reached XP level 15. HP: 46/138 MP: 0/0
    17 | D        | Learned a level 6 spell: Sculpt Simulacrum
    17 | D        | Reached *** piety under Makhleb
    17 | D        | Killed a meat berserker
    17 | D        | Reached **** piety under Makhleb
    18 | D        | Reached skill level 27 in Dodging
    18 | D        | Reached XP level 16. HP: 110/151 MP: 0/0
    18 | D        | Reached XP level 17. HP: 115/157 MP: 0/0
    18 | D        | Learned a level 6 spell: Dispersal
    18 | D        | Noticed a meat berserker
    18 | D        | Noticed a large bag of meat
    18 | D        | Noticed a meat berserker
    18 | D        | Noticed a meat berserker
    18 | D        | Noticed a destroyer
    18 | D        | Noticed a meat berserker
    18 | D        | Noticed a meat berserker
    18 | D        | Noticed a meat berserker
    19 | D        | Noticed a large bag of meat
    19 | D        | Noticed a large bag of meat
    20 | D        | Reached skill level 27 in Fighting
    20 | D        | Reached skill level 27 in Unarmed Combat
    20 | D        | Reached ***** piety under Makhleb
    20 | D        | Noticed a destroyer
    21 | D        | Killed a large bag of meat
    21 | D        | Killed a meat berserker
    21 | D        | Killed a meat berserker
    21 | D        | Reached ****** piety under Makhleb
    21 | D        | Noticed a meat berserker
    21 | D        | Noticed a meat berserker
    22 | D        | Reached skill level 27 in Axes
    22 | D        | Reached XP level 18. HP: 155/167 MP: 0/0
    22 | D        | Reached XP level 19. HP: 162/174 MP: 0/0
    22 | D        | Learned a level 7 spell: Haunt
    22 | D        | Killed a meat berserker
    22 | D        | Killed a meat berserker
    23 | D        | Reached skill level 10 in Spellcasting
    23 | D        | Reached skill level 10 in Conjurations
    23 | D        | Reached skill level 10 in Hexes
    23 | D        | Reached skill level 10 in Summonings
    23 | D        | Reached skill level 10 in Necromancy
    23 | D        | Reached skill level 10 in Translocations
    23 | D        | Reached skill level 10 in Fire Magic
    23 | D        | Reached skill level 10 in Ice Magic
    23 | D        | Reached skill level 10 in Air Magic
    23 | D        | Reached skill level 10 in Earth Magic
    23 | D        | Reached skill level 10 in Alchemy
    23 | D        | Reached XP level 20. HP: 175/181 MP: 0/0
    23 | D        | Killed a meat berserker
    23 | D        | Killed a meat berserker
    23 | D        | Killed a meat berserker
    23 | D        | Killed a meat berserker
    24 | D        | Reached skill level 27 in Armour
    24 | D        | Reached XP level 21. HP: 184/187 MP: 0/0
    24 | D        | Learned a level 7 spell: Enfeeble
    24 | D        | Noticed a large bag of meat
    24 | D        | Noticed a meat berserker
    25 | D        | Reached skill level 27 in Throwing
    25 | D        | Killed a large bag of meat
    25 | D        | Killed a large bag of meat
    25 | D        | Killed a destroyer
    25 | D        | Noticed an eight-headed meat hydra
    26 | D        | Reached skill level 27 in Spellcasting
    26 | D        | Reached skill level 27 in Conjurations
    26 | D        | Reached skill level 27 in Hexes
    26 | D        | Reached skill level 27 in Summonings
    26 | D        | Reached skill level 27 in Necromancy
    26 | D        | Reached skill level 27 in Translocations
    26 | D        | Reached skill level 27 in Fire Magic
    26 | D        | Reached skill level 27 in Ice Magic
    26 | D        | Reached skill level 27 in Air Magic
    26 | D        | Reached skill level 27 in Earth Magic
    26 | D        | Reached skill level 27 in Alchemy
    26 | D        | Reached XP level 22. HP: 194/194 MP: 0/0
    26 | D        | Noticed a destroyer
    26 | D        | Noticed a meat berserker
    27 | D        | Killed a destroyer
    27 | D        | Killed a meat berserker
    28 | D        | Reached XP level 23. HP: 110/201 MP: 0/0
    28 | D        | Learned a level 7 spell: Ozocubu's Refrigeration
    28 | D        | Noticed a destroyer
    29 | D        | Reached skill level 10 in Short Blades
    29 | D        | Reached skill level 10 in Long Blades
    29 | D        | Reached skill level 10 in Staves
    29 | D        | Reached skill level 10 in Stealth
    29 | D        | Noticed a destroyer
    29 | D        | Killed a large bag of meat
    29 | D        | Noticed a large bag of meat
    30 | D        | Noticed a destroyer
    30 | D        | Killed a destroyer
    31 | D        | Reached skill level 15 in Shields
    31 | D        | Reached skill level 15 in Invocations
    31 | D        | Reached skill level 15 in Evocations
    31 | D        | Reached XP level 24. HP: 207/208 MP: 0/0
    31 | D        | Noticed a destroyer
    33 | D        | Killed a destroyer
    34 | D        | Reached skill level 15 in Short Blades
    34 | D        | Reached skill level 15 in Long Blades
    34 | D        | Reached skill level 15 in Staves
    34 | D        | Reached skill level 15 in Stealth
    35 | D        | Noticed a destroyer
    36 | D        | Reached XP level 25. HP: 40/214 MP: 0/0
    36 | D        | Learned a level 8 spell: Infestation
    36 | D        | Killed a destroyer
    37 | D        | Reached skill level 15 in Maces & Flails
    37 | D        | Reached skill level 15 in Polearms
    37 | D        | Reached skill level 15 in Ranged Weapons
    37 | D        | Reached skill level 15 in Shapeshifting
    37 | D        | Killed a destroyer
    38 | D        | Killed a large bag of meat
    39 | D        | Mangled by a meat berserker

Illustrated notes

Levels and vault maps discovered:
D:        meatsprint

Skill      XL: |  1  2  3  4  5  6  7  8  9 10 11 12 13 14 15 16 17 18 19 20 21 22 23 24 25 |
---------------+----------------------------------------------------------------------------+-----
Fighting       | 16 18 20 23 26 27 | 27.0
Axes           | 4 5 6 9 14 27 | 27.0
Throwing       | 4 5 6 7 17 19 26 27 | 27.0
Armour         | 5 6 7 8 9 20 22 27 | 27.0
Dodging        | 18 19 22 24 27 | 27.0
Unarmed Combat | 16 18 21 23 26 27 | 27.0
Spellcasting   | 10 20 27 | 27.0
Conjurations   | 10 20 27 | 27.0
Hexes          | 10 20 27 | 27.0
Summonings     | 10 20 27 | 27.0
Necromancy     | 10 20 27 | 27.0
Translocations | 10 20 27 | 27.0
Fire Magic     | 10 20 27 | 27.0
Ice Magic      | 10 20 27 | 27.0
Air Magic      | 10 20 27 | 27.0
Earth Magic    | 10 20 27 | 27.0
Alchemy        | 10 20 27 | 27.0
Short Blades   | 8 13 16 18 | 18.3
Long Blades    | 8 13 16 18 | 18.3
Maces & Flails | 8 12 14 16 | 16.9
Polearms       | 8 12 14 16 | 16.9
Staves         | 8 13 16 18 | 18.3
Ranged Weapons | 8 12 14 16 | 16.9
Stealth        | 8 13 16 18 | 18.3
Shields        | 9 15 17 19 | 19.8
Invocations    | 9 15 17 19 | 19.8
Evocations     | 9 15 17 19 | 19.8
Shapeshifting  | 8 12 14 16 | 16.9

Action                     |  1- 3 |  4- 6 |  7- 9 | 10-12 | 13-15 | 16-18 | 19-21 | 22-24 | 25-27 || total
---------------------------+-------+-------+-------+-------+-------+-------+-------+-------+-------++-------
  Melee: Executioner's axe |     1 |       |       |     1 |     3 |     3 |     7 |    17 |     6 ||    38
   Cast: Blink             |       |       |       |       |       |     1 |       |       |       ||     1
         Vhi's Electric Ch |       |       |       |       |       |       |     1 |     4 |       ||     5
         Manifold Assault  |       |       |       |       |       |       |     1 |     3 |     1 ||     5
 Armour: Leather armour    |       |       |       |       |     3 |     7 |     2 |     7 |     4 ||    23
  Dodge: Dodged            |       |       |       |     1 |     1 |     2 |       |       |       ||     4
